 Dungeon Crawl Stone Soup version 0.27.1-1-g398f81649c (webtiles) character file.

Game seed: 14316294887446236417

3887 AZSletch the Skirmisher (level 10, -16/100 HPs)
             Began as a Troll Transmuter on Sept 15, 2021.
             Was a Believer of Makhleb.
             Demolished by a large slime creature (31 damage)
             ... on level 8 of the Dungeon.
             The game lasted 00:31:00 (5803 turns).

AZSletch the Skirmisher (Troll Transmuter)          Turns: 5803, Time: 00:31:01

Health: -16/100    AC:  6    Str: 20    XL:     10   Next: 0%
Magic:  12/14      EV: 10    Int: 12    God:    Makhleb [**....]
Gold:   533        SH:  0    Dex: 10    Spells: 13/16 levels left

rFire    . . .     SeeInvis +     - Unarmed
rCold    . . .     Faith    +   (no shield)
rNeg     . . .     Spirit   .   k - +0 troll leather armour {Purgy}
rPois    .         Reflect  .   (helmet restricted)
rElec    .         Harm     .   (no cloak)
rCorr    .         Rampage  .   (gloves unavailable)
Will     .....                  (boots unavailable)
Stlth    +.........             l - amulet of faith
HPRegen  2.26/turn              y - ring of see invisible
MPRegen  0.14/turn              (no ring)

@: wereblooded (expiring), attractive
A: large, unfitting armour, claws 3, regeneration 1, shaggy fur 1, tough skin 1
a: Renounce Religion, Minor Destruction


You were on level 8 of the Dungeon.
You worshipped Makhleb.
Makhleb was pleased with you.
You visited 1 branch of the dungeon, and saw 8 of its levels.
You also visited: Sewer.

You collected 533 gold pieces.

Inventory:

Missiles
 m - 29 poisoned darts
 n - a throwing net
Armour
 k - a +0 troll leather armour (worn) {Purgy}
Jewellery
 l - an amulet of faith (around neck)
 y - a ring of see invisible (left claw)
Wands
 t - a wand of mindburst (11)
Scrolls
 b - 7 scrolls of identify {unknown}
 c - 3 scrolls of teleportation {unknown}
 e - 2 scrolls of acquirement {unknown}
 g - a scroll of fear {unknown}
 j - a scroll of fog {unknown}
 q - a scroll of magic mapping {unknown}
 w - a scroll of enchant armour {unknown}
 x - a scroll of immolation {unknown}
Potions
 a - a potion of attraction
 d - a potion of berserk rage {unknown}
 f - 8 potions of lignification {unknown}
 h - a potion of cancellation {unknown}
 i - 2 potions of brilliance {unknown}
 o - a potion of magic {unknown}
 p - a potion of curing {unknown}
 r - a potion of heal wounds {unknown}
 s - 2 potions of invisibility {unknown}
 u - a potion of flight {unknown}
 v - a potion of might {unknown}


   Skills:
 * Level 6.3 Fighting
 - Level 3.0 Armour
 + Level 4.6 Dodging
 + Level 6.0 Unarmed Combat
 + Level 3.5 Spellcasting
 + Level 4.2 Transmutations
 + Level 1.2 Ice Magic
 * Level 3.3 Invocations


You had 13 spell levels left.
You knew the following spells:

 Your Spells              Type           Power      Damage    Failure   Level
a - Beastly Appendage     Tmut           24%        N/A       4%          1
b - Wereblood             Tmut           12%        N/A       7%          2

Your spell library contained the following spells:

 Spells                   Type           Power      Damage    Failure   Level
 Summon Small Mammal      Summ           8%         N/A       26%         1
 Spider Form              Tmut/Pois      3%         N/A       32%         3
 Ozocubu's Armour         Ice            5%         N/A       43%         3
 Call Canine Familiar     Summ           2%         N/A       63%         3
 Summon Guardian Golem    Hex/Summ       2%         N/A       63%         3
 Ice Form                 Ice/Tmut       8%         N/A       65%         4
 Ozocubu's Refrigeration  Ice            2%         4d5       100%        7


Dungeon Overview and Level Annotations

Branches:
Dungeon (8/15)              Sewer (visited)
 Temple: D:4-7         Lair: D:8-11

Altars:
Makhleb

Shops:
D:2 !

Annotations:
D:2 exclusion: adder
D:4 Eustachio, Sigmund


Innate Abilities, Weirdness & Mutations

You are too large for most types of armour.
You have claws for hands.
Your natural rate of healing is unusually fast.
You are covered in fur. (AC +1)
You have tough skin. (AC +1)


Message History

You are frozen.
The jelly hits the fungus.
The fungus begins to die.
The fungus is splashed with acid.
The jelly hits the fungus.
The fungus is splashed with acid!
You mangle the large slime creature!!
The large slime creature is moderately wounded.
A nearby fungus withers and dies.
The endoplasm jiggles.
The endoplasm freezes you.
You are frozen.
The jelly hits the fungus.
The fungus is splashed with acid.
The large slime creature hits you!
You claw the large slime creature!
The large slime creature is moderately wounded.
The endoplasm freezes you.
You are frozen.
The endoplasm hits the fungus.
The large slime creature hits you!
You claw the large slime creature! You headbutt the large slime creature.
The large slime creature is heavily wounded.
A nearby fungus withers and dies.
The endoplasm hits you but does no damage.
The endoplasm hits the fungus.
You scratch the large slime creature. You claw the large slime creature.
The large slime creature is severely wounded.
The large slime creature jiggles.
The large slime creature hits you!!
The jelly jiggles.
A nearby fungus withers and dies.
Your horns disappear.
Your talons disappear.
Your primal bloodlust is almost over.
You scratch the large slime creature.
The large slime creature is severely wounded.
The large slime creature hits you!!
* * * LOW HITPOINT WARNING * * *
You claw the large slime creature!
The large slime creature is severely wounded.
The large slime creature hits you!
* * * LOW HITPOINT WARNING * * *
It was a potion of attraction.
You feel attractive to monsters. The large slime creature hits you!!
You die...

...<.....#
##.....###..
#.......
.........#
#.......#
#.......
o....W...#
#.......#
.......
o#####.#.#
#....)..#
....... .
...#
#.......#
....... #.#
####....#
###.##
.###..'....#
#.
##.########
# ##..).@J##
#######J#
.P÷.J....#
........J#
.P....÷÷.#
......÷..#
###
÷..÷.....#
#..
$P...P...#
#.#
##########
....


You could see a large slime creature and an endoplasm.

Vanquished Creatures
  A slime creature (D:8)
  4 yaks
  2 water moccasins (D:6)
  3 orc warriors (D:7)
  2 ice beasts
  Purgy (Sewer)
  A black bear (D:6)
  2 sky beasts
  3 ogres
  3 necrophages
  A centaur (D:5)
  4 kobold brigands
  2 bullfrogs
  3 scorpions
  A water moccasin zombie (D:6)
  A wyvern skeleton (D:6)
  A water moccasin skeleton (D:6)
  A howler monkey (D:5)
  A bullfrog zombie (D:5)
  2 jellies (D:8)
  4 orc priests
  2 hounds
  A bullfrog skeleton (D:6)
  3 iguanas
  5 orc wizards
  A mummy (D:5)
  6 gnolls (D:5)
  5 adders
  A shadow imp (D:6)
  A worm (D:2)
  2 dart slugs (D:1)
  24 orcs
  6 ball pythons
  4 bats
  6 endoplasms
  7 giant cockroaches
  5 goblins
  2 hobgoblins (D:1)
  5 jackals (D:3)
  12 kobolds
  3 quokkas
  2 frilled lizards
  A hobgoblin zombie (D:5)
  A kobold zombie (D:5)
  2 orc zombies (D:5)
150 creatures vanquished.

Vanquished Creatures (others)
  3 fungi (D:8)
  A plant (D:4)
  10 toadstools (D:8)
14 creatures vanquished.

Grand Total: 164 creatures vanquished

Notes
Turn   | Place    | Note
-------+----------+-------------------------------------------
     0 | D:1      | AZSletch the Troll Transmuter began the quest for the Orb.
     0 | D:1      | Reached XP level 1. HP: 18/18 MP: 1/1
    46 | D:1      | Reached skill level 1 in Fighting
   101 | D:1      | Reached XP level 2. HP: 17/27 MP: 3/3
   592 | D:2      | Reached XP level 3. HP: 33/35 MP: 2/4
   596 | D:2      | Learned a level 2 spell: Wereblood
   716 | D:2      | Found Oskari Jatt's Distillery.
  1168 | D:2      | Reached XP level 4. HP: 41/42 MP: 1/5
  1276 | D:3      | Found a glowing drain.
  1316 | Sewer    | Entered a sewer
  1448 | Sewer    | Noticed Purgy
  1461 | Sewer    | Killed Purgy
  1462 | Sewer    | Reached XP level 5. HP: 20/50 MP: 2/6
  1999 | D:3      | Found a faded altar of an unknown god.
  2171 | D:4      | Noticed Eustachio
  2248 | D:4      | Found a burning altar of Makhleb.
  2260 | D:4      | Became a worshipper of Makhleb the Destroyer
  2314 | D:4      | Noticed an ogre
  2357 | D:3      | Reached XP level 6. HP: 54/59 MP: 3/7
  2731 | D:4      | Noticed Sigmund
  2826 | D:5      | Entered Level 5 of the Dungeon
  2887 | D:5      | Reached XP level 7. HP: 53/67 MP: 4/9
  3007 | D:5      | Reached skill level 1 in Armour
  3113 | D:5      | Reached * piety under Makhleb
  3303 | D:5      | Reached XP level 8. HP: 78/78 MP: 7/10
  3635 | D:5      | Reached skill level 5 in Unarmed Combat
  3638 | D:5      | Reached skill level 5 in Fighting
  3926 | D:6      | Reached XP level 9. HP: 88/88 MP: 9/12
  4054 | D:6      | Reached skill level 1 in Invocations
  4188 | D:6      | Reached ** piety under Makhleb
  5442 | D:7      | Reached skill level 1 in Ice Magic
  5792 | D:8      | Reached XP level 10. HP: 91/100 MP: 11/14
  5803 | D:8      | Demolished by a large slime creature

Illustrated notes

Levels and vault maps discovered:
D:1:      saegor_arrival_under_anarchy, layout_rooms, serial_corexii_hall,
          corexii_hall_statues_i, corexii_hall_statues_x, glass_columns_a
D:2:      layout_basic, serial_shops, nicolae_shop_behind_doors
D:3:      layout_rooms, chequers_ecumenical_altar_simple, gup_sewer_entry_pipe,
          st_stairs_4, minivault_5
D:4:      layout_cave_pools, mainiacjoe_overflow_24_doors,
          minmay_temple_entry_poolview, serial_bayou_lagoon_b, uniq_eustachio,
          uniq_sigmund
D:5:      layout_rooms, nrook_campfire, minmay_mini_ossuary
D:6:      layout_loops_corners
D:7:      layout_basic, minmay_quadrilaterals
D:8:      cheibrodos_fertilizer, layout_basic, special_room
          [special_room_kobold]

Skill      XL: |  1  2  3  4  5  6  7  8  9 |
---------------+----------------------------+-----
Fighting       | 1 2 3 4 5 6 |  6.3
Dodging        | 2 3 4 |  4.6
Transmutations | 2 3 4 |  4.2
Spellcasting   | 2 3 |  3.5
Unarmed Combat | 4 5 6 |  6.0
Armour         | 1 2 3 |  3.0
Invocations    | 3 |  3.3
Ice Magic      | 1 |  1.2

Action                   |  1- 3 |  4- 6 |  7- 9 | 10-12 || total
-------------------------+-------+-------+-------+-------++-------
Melee: Unarmed           |    78 |   107 |   270 |     9 ||   464
       Headbutt          |     3 |     8 |    35 |     2 ||    48
       Kick              |     2 |    15 |    71 |     2 ||    90
       Punch             |       |       |     5 |       ||     5
 Cast: Beastly Appendage |     5 |    23 |    36 |       ||    64
       Wereblood         |     2 |    10 |    26 |       ||    38
  Use: Potion            |       |       |       |     1 ||     1
Armor: Robe              |    27 |    13 |       |       ||    40
       Troll leather arm |       |    31 |    82 |     1 ||   114
Dodge: Dodged            |    26 |    72 |   112 |       ||   210
